 Dungeon Crawl Stone Soup version 0.30-a0-930-gb9d0489357 (webtiles) character file.

Game seed: 2042266290732695137

191 Dirtsage the Chopper (level 5, 7/41 HPs)
             Began as a Demonspawn Fighter on Mar 23, 2023.
             Quit the game on level 2 of the Dungeon.
             The game lasted 00:01:44 (906 turns).

Dirtsage the Chopper (Demonspawn Fighter)            Turns: 906, Time: 00:01:45

Health: 7/41       AC:  6    Str: 18    XL:     5   Next: 42%
Magic:  5/5        EV:  9    Int: 10    God:
Gold:   154        SH:  4    Dex: 12    Spells: 4/4 levels left

rFire   . . .      SeeInvis .    a - +0 war axe
rCold   . . .      Faith    .    c - +0 buckler
rNeg    + . .      Spirit   .    b - +0 scale mail
rPois   .          Reflect  .    (no helmet)
rElec   .          Rampage  .    (no cloak)
rCorr   .                        (no gloves)
Will    .....                    (no boots) Stlth
                                 (no amulet)
HPRegen 0.26/turn                N - ring of positive energy
MPRegen 0.09/turn                (no ring)

@: mighty
A: demonic guardian 1, sturdy frame 1, weakness stinger 2
a: no special abilities


You were on level 2 of the Dungeon.
You visited 1 branch of the dungeon, and saw 2 of its levels.

You collected 154 gold pieces.

Inventory:

Hand Weapons
 a - a +0 war axe (weapon)
Armour
 b - a +0 scale mail (worn)
 c - a +0 buckler (worn)
Jewellery
 N - a ring of positive energy (left hand)
Wands
 D - a wand of digging (4)
Scrolls
 e - a scroll of vulnerability {unknown}
 f - 2 scrolls of magic mapping {unknown}
 g - a scroll of enchant weapon {unknown}
 j - a scroll of fog {unknown}
 l - a scroll of identify {unknown}
 m - a scroll of blinking {unknown}
Potions
 d - a potion of ambrosia {unknown}
 h - a potion of heal wounds {unknown}
 i - a potion of brilliance {unknown}
 k - a potion of curing {unknown}


   Skills:
 - Level 3.0 Fighting
 + Level 5.2 Axes
 - Level 2.6 Armour
 - Level 2.6 Shields


You had 4 spell levels left.
You didn't know any spells.
Your spell library contained the following spells:

 Spells                   Type           Power      Damage    Failure   Level
 Gell's Gravitas          Tloc           0%         N/A       97%         3
 Teleport Other           Tloc           0%         N/A       97%         3
 Dispersal                Tloc           0%         N/A       100%        6


Dungeon Overview and Level Annotations

Branches:
Dungeon (2/15)

Altars:


Innate Abilities, Weirdness & Mutations

A weak demonic guardian rushes to your aid.
Your movements are slightly less encumbered by armour. (ER -2)
You have a tail ending in a sharp stinger.


Message History

You feel very mighty all of a sudden. Sigmund hits you but does no damage.
You block the ball python's attack. x2
You closely miss Sigmund. You slash the ball python!
You kill the ball python!
Sigmund hits you with a +0 scythe.
You take 6 damage, and have 19/29 hp.
MASSIVE DAMAGE!!
You barely miss Sigmund. Sigmund hits you with a +0 scythe.
You take 4 damage, and have 15/29 hp.
You closely miss Sigmund. Sigmund hits you with a +0 scythe.
You take 6 damage, and have 9/29 hp.
MASSIVE DAMAGE!!
You slash Sigmund!
Sigmund is moderately wounded.
Sigmund hits you but does no damage.
You slash Sigmund!
Sigmund is almost dead.
Sigmund hits you with a +0 scythe.
* * * LOW HITPOINT WARNING * * *
You take 4 damage, and have 5/29 hp.
You barely miss Sigmund.
Sigmund is almost dead.
Sigmund hits you with a +0 scythe.
* * * LOW HITPOINT WARNING * * *
You take 1 damage, and have 4/29 hp.
You slash Sigmund!
You kill Sigmund!
Your Axes skill gained 2 levels and is now at level 5!
You have reached level 4!
You feel clever.
Your demonic ancestry asserts itself...
Your tail grows a sharp stinger.
You have reached level 5!
Your demonic ancestry asserts itself...
You feel the presence of a demonic guardian.
You regained 2 hp, and now have 6/41 hp.
MP restored: 5
D - a wand of digging (4);
d - a fuming amethyst potion
Things that are here:
a +0 scythe; a +0 robe You see here a ball python corpse.
Are you sure you want to abandon this character and quit the game? (Confirm with "yes".)

############
#..........#######
##.########........
##..<## #.#######
#######.###.# #.#
........# #.# ###.#
.######.###.####@#.###
#.............)....####
....#####.....####......#
#########.....# #...##.#
........<....# #.#.# .#
##.#####.....# #.#..#.#
#####.# #.#.#..# #.#
#.#.##.# #.# #...S ...


There were no monsters in sight!

Vanquished Creatures
  Sigmund (D:2)
  An adder (D:2)
  2 dart slugs (D:1)
  An endoplasm (D:1)
  5 goblins (D:1)
  A hobgoblin (D:1)
  2 jackals (D:1)
  2 kobolds (D:1)
  A quokka (D:1)
  3 ball pythons
  3 rats
22 creatures vanquished.

Notes
Turn   | Place    | Note
-------+----------+-------------------------------------------
     0 | D:1      | Dirtsage the Demonspawn Fighter began the quest for the
                  | Orb.
     0 | D:1      | Reached XP level 1. HP: 18/18 MP: 1/1
    63 | D:1      | Reached skill level 2 in Axes
   265 | D:1      | Gained mutation: Your movements are slightly less
                  | encumbered by armour. (ER -2) [demonic ancestry]
   265 | D:1      | Reached XP level 2. HP: 21/24 MP: 2/2
   451 | D:1      | Reached skill level 3 in Axes
   816 | D:2      | Gained mutation: You have a small tail. [demonic ancestry]
   816 | D:2      | Reached XP level 3. HP: 22/29 MP: 3/3
   879 | D:2      | Noticed Sigmund
   902 | D:2      | Killed Sigmund
   903 | D:2      | Reached skill level 5 in Axes
   903 | D:2      | Gained mutation: You have a tail ending in a sharp stinger.
                  | [demonic ancestry]
   903 | D:2      | Reached XP level 4. HP: 5/35 MP: 4/4
   903 | D:2      | Gained mutation: A weak demonic guardian rushes to your
                  | aid. [demonic ancestry]
   903 | D:2      | Reached XP level 5. HP: 6/41 MP: 5/5
   906 | D:2      | Quit the game

Illustrated notes

Levels and vault maps discovered:
D:1:      dpeg_arrival_erosion, layout_loops_ring,
          amcnicky_mini_rare_corridor_liquid, minmay_crystal_room
D:2:      layout_loops_ring, uniq_natasha, uniq_sigmund, uniq_crazy_yiuf_cottage

Skill      XL: |  1  2  3 |
---------------+----------+-----
Axes           | 2 3 5 |  5.2
Fighting       | |  3.0
Armour         | |  2.6
Shields        | |  2.6

Action                     |  1- 3 |  4- 6 || total
---------------------------+-------+-------++-------
  Melee: War axe           |    67 |       ||    67
    Use: Potion            |     1 |       ||     1
 Armour: Scale mail        |    31 |       ||    31
  Dodge: Dodged            |    20 |       ||    20
  Block: Buckler           |    21 |       ||    21

Table legend: (Time is in decaauts)
 A = Elapsed time spent in this place.
 B = Non-inter-level travel time spent in this place.
 C = Inter-level travel time spent in this place.
 D = Time resting spent in this place.
 E = Time spent auto-exploring this place.
 F = Levels seen in this place.
 G = Mean time per level.
                   A        B        C        D        E       F      G
               +--------+--------+--------+--------+--------+-----+--------+
         Total |    933 |    913 |     20 |      0 |    736 |   2 |  466.5 |
       Dungeon |    933 |    913 |     20 |      0 |    736 |   2 |  466.5 |
               +--------+--------+--------+--------+--------+-----+--------+

Top non-repeatable levels by time:
     D:1: 829 daAuts
     D:2: 103 daAuts
